 Dungeon Crawl Stone Soup version 0.30.0-5-g1a98f26d00 (webtiles) character file.

Game seed: 14898792636579775488

202 edwardauron the Charlatan (level 5, -4/41 HPs)
             Began as a Gnoll Artificer on May 12, 2023.
             Was an Initiate of Nemelex Xobeh.
             Slain by a lemure (8 damage)
             ... led by Pikel
             ... on level 4 of the Dungeon.
             The game lasted 00:04:21 (3305 turns).

edwardauron the Charlatan (Gnoll Artificer)         Turns: 3305, Time: 00:04:22

Health: -4/41      AC:  7    Str: 12    XL:     5   Next: 80%
Magic:  7/7        EV: 11    Int: 10    God:    Nemelex Xobeh [......]
Gold:   189        SH:  0    Dex: 14    Spells: 7/7 levels left

rFire   . . .        t - +3 quarterstaff (chaos)
rCold   . . .        (shield currently unavailable)
rNeg    . . .        o - +0 ring mail
rPois   .            (no helmet)
rElec   .            u - +0 cloak
rCorr   .            (no gloves)
SInv    +            (no boots)
Will    .....        (no amulet)
Stlth   ++           i - ring of see invisible
HPRegen 0.26/turn    (no ring)
MPRegen 0.10/turn

%: no passive effects
@: no status effects
A: fangs 1, strong nose, distributed training
a: Renounce Religion, Draw Escape, Draw Destruction, Draw Summoning


You were on level 4 of the Dungeon.
You worshipped Nemelex Xobeh.
Nemelex Xobeh was noncommittal.
You visited 1 branch of the dungeon, and saw 4 of its levels.

You collected 189 gold pieces.

Inventory:

Hand Weapons
 t - a +3 quarterstaff of chaos (weapon)
Armour
 o - a +0 ring mail (worn)
 u - a +0 cloak (worn)
Jewellery
 i - a ring of see invisible (left hand)
Wands
 c - a wand of flame (7) (quivered)
 d - a wand of charming (15)
 e - a wand of iceblast (4)
Scrolls
 a - 2 scrolls of fog {unknown}
 g - 3 scrolls of identify
 h - 2 scrolls of poison {unknown}
 k - a scroll of magic mapping {unknown}
 l - a scroll of teleportation {unknown}
 m - a scroll of vulnerability {unknown}
 p - a scroll of enchant weapon {unknown}
 q - a scroll of brand weapon {unknown}
 r - a scroll of immolation {unknown}
Potions
 b - a potion of ambrosia
 f - a potion of attraction
 j - 2 potions of degeneration
 n - 2 potions of mutation
 s - a potion of magic
 v - 2 potions of curing {unknown}
 w - a potion of brilliance {unknown}


   Skills:
 + Level 3.1 Fighting
 + Level 1.7 Short Blades
 + Level 1.7 Long Blades
 + Level 1.7 Axes
 + Level 1.7 Maces & Flails
 + Level 1.7 Polearms
 + Level 1.7 Staves
 + Level 1.7 Ranged Weapons
 + Level 1.7 Throwing
 + Level 4.9 Armour
 + Level 3.1 Dodging
 + Level 2.9 Stealth
 + Level 1.7 Shields
 + Level 1.7 Unarmed Combat
 + Level 1.7 Spellcasting
 + Level 1.3 Conjurations
 + Level 1.3 Hexes
 + Level 1.3 Summonings
 + Level 1.3 Necromancy
 + Level 1.3 Translocations
 + Level 1.3 Transmutations
 + Level 1.3 Fire Magic
 + Level 1.3 Ice Magic
 + Level 1.3 Air Magic
 + Level 1.3 Earth Magic
 + Level 1.3 Poison Magic
 + Level 1.9 Invocations
 + Level 6.7 Evocations


You had 7 spell levels left.
You didn't know any spells.
Your spell library contained the following spells:

 Spells                   Type           Power      Damage    Failure   Level
 Iskenderun's Battlesphe  Conj           3%         2d6       100%        5
 Iron Shot                Conj/Erth      1%         9d1       100%        6
 Malign Gateway           Summ/Tloc      1%         N/A       100%        7
 Spellforged Servitor     Conj/Summ      1%         N/A       100%        7
 Summon Horrible Things   Summ           1%         N/A       100%        8


Dungeon Overview and Level Annotations

Branches:
Dungeon (4/15)
 Temple: D:4-7

Altars:
Nemelex Xobeh

Annotations:
D:4 Pikel


Innate Abilities, Weirdness & Mutations

You have very sharp teeth.
Your uncanny sense of smell can sniff out nearby items.
Your experience applies equally to all skills.


Message History

The lemure is heavily wounded.
The lemure hits you but does no damage.
Pikel misses the lemure.
Pikel hits himself with a +2 whip of freezing.
Pikel freezes himself.
You barely miss the lemure.
The lemure is heavily wounded.
The lemure hits you.
You hit the lemure. You freeze the lemure.
The lemure is severely wounded.
Pikel seems less confused.
The lemure barely misses you. The lemure hits you.
You hit the lemure.
The lemure is almost dead.
The lemure barely misses you. The lemure hits you.
You hit the lemure but do no damage.
The lemure suddenly seems more resistant.
The lemure is almost dead.
The lemure barely misses you. The lemure closely misses you.
You sock Pikel! You burn Pikel.
Pikel is moderately wounded.
The lemure hits you. Pikel closely misses you.
You hit Pikel. You freeze Pikel. You bite Pikel, but do no damage.
Pikel is severely wounded.
The lemure barely misses you. The lemure hits you but does no damage.
Pikel hits you with a +2 whip of freezing!
Pikel freezes you.
You closely miss Pikel.
Pikel is heavily wounded.
The lemure barely misses you. The lemure closely misses you. Pikel misses you.
You hit Pikel but do no damage. You drain Pikel.
Pikel is severely wounded.
The lemure hits you.
* * * LOW HITPOINT WARNING * * *
Pikel barely misses you. The lemure barely misses you.
You closely miss Pikel.
Pikel is severely wounded.
The lemure hits you.
* * * LOW HITPOINT WARNING * * *
Pikel closely misses you. The lemure hits you!
You die...
Your body disappears without a glow.

###### ## .#.....
#....# #. .#.....
#....# #. .#.....
#....# #. .......
#....# #.##.......
#....## #..#.......
###...#####.........
##.....5@K5.###
#......5##....#
#........†.##......
#....#.....##......
#..................
#...#...........5..
######.............
##.......##......
#######.).....<#
....


You could see Pikel (drained) and 3 lemures.

Vanquished Creatures
  A hound (D:3)
  Crazy Yiuf (D:2)
  Terence (D:2)
  4 adders
  A dart slug (D:1)
  3 orcs
  3 endoplasms (D:1)
  5 giant cockroaches
  10 goblins
  7 hobgoblins
  6 jackals
  2 quokkas
  8 ball pythons
  8 bats
  4 frilled lizards
  8 kobolds
  2 rats
74 creatures vanquished.

Notes
Turn   | Place    | Note
-------+----------+-------------------------------------------
     0 | D:1      | edwardauron the Gnoll Artificer began the quest for the
                  | Orb.
     0 | D:1      | Reached XP level 1. HP: 17/17 MP: 1/1
    94 | D:1      | Reached XP level 2. HP: 18/23 MP: 2/2
   399 | D:1      | Reached XP level 3. HP: 16/28 MP: 3/3
   758 | D:1      | Reached skill level 1 in Invocations
  1305 | D:2      | Reached skill level 1 in Short Blades
  1305 | D:2      | Reached skill level 1 in Long Blades
  1305 | D:2      | Reached skill level 1 in Axes
  1305 | D:2      | Reached skill level 1 in Maces & Flails
  1305 | D:2      | Reached skill level 1 in Polearms
  1305 | D:2      | Reached skill level 1 in Staves
  1305 | D:2      | Reached skill level 1 in Ranged Weapons
  1305 | D:2      | Reached skill level 1 in Throwing
  1305 | D:2      | Reached skill level 1 in Shields
  1305 | D:2      | Reached skill level 1 in Unarmed Combat
  1305 | D:2      | Reached skill level 1 in Spellcasting
  1455 | D:2      | Reached XP level 4. HP: 26/34 MP: 5/5
  1523 | D:2      | Noticed Terence
  1542 | D:2      | Killed Terence
  1543 | D:2      | Reached skill level 1 in Conjurations
  1543 | D:2      | Reached skill level 1 in Hexes
  1543 | D:2      | Reached skill level 1 in Summonings
  1543 | D:2      | Reached skill level 1 in Necromancy
  1543 | D:2      | Reached skill level 1 in Translocations
  1543 | D:2      | Reached skill level 1 in Transmutations
  1543 | D:2      | Reached skill level 1 in Fire Magic
  1543 | D:2      | Reached skill level 1 in Ice Magic
  1543 | D:2      | Reached skill level 1 in Air Magic
  1543 | D:2      | Reached skill level 1 in Earth Magic
  1543 | D:2      | Reached skill level 1 in Poison Magic
  2110 | D:2      | Found a runed translucent door.
  2111 | D:2      | Noticed Crazy Yiuf
  2117 | D:2      | Killed Crazy Yiuf
  2118 | D:2      | Reached XP level 5. HP: 41/41 MP: 7/7
  2763 | D:3      | Found a sparkling altar of Nemelex Xobeh.
  3190 | D:3      | Became a worshipper of Nemelex Xobeh the Trickster
  3278 | D:4      | Noticed Pikel
  3279 | D:4      | Noticed a lemure
  3279 | D:4      | Noticed a lemure
  3290 | D:4      | Noticed a lemure
  3295 | D:4      | Noticed a lemure
  3305 | D:4      | Slain by a lemure

Illustrated notes

Levels and vault maps discovered:
D:1:      psy_arrival_whirlpool, layout_basic, serial_bayou_pond_b,
          hex_intersection
D:2:      layout_basic, kennysheep_cross_bottleneck, minmay_misc_feat_iff,
          uniq_crazy_yiuf_cottage, uniq_terence
D:3:      layout_loops_corners, lemuel_crystal_altar, serial_bayou,
          serial_bayou_shore_b, serial_bayou_pond_d, serial_bayou_lagoon_b,
          serial_bayou_shore_a, serial_bayou_shore_b
D:4:      minmay_wonky_spiral, layout_rooms, uniq_pikel

Skill      XL: |  1  2  3  4 |
---------------+-------------+-----
Invocations    | 1 |  1.9
Short Blades   | 1 |  1.7
Long Blades    | 1 |  1.7
Axes           | 1 |  1.7
Maces & Flails | 1 |  1.7
Polearms       | 1 |  1.7
Staves         | 1 |  1.7
Ranged Weapons | 1 |  1.7
Throwing       | 1 |  1.7
Shields        | 1 |  1.7
Unarmed Combat | 1 |  1.7
Spellcasting   | 1 |  1.7
Conjurations   | 1 |  1.3
Hexes          | 1 |  1.3
Summonings     | 1 |  1.3
Necromancy     | 1 |  1.3
Translocations | 1 |  1.3
Transmutations | 1 |  1.3
Fire Magic     | 1 |  1.3
Ice Magic      | 1 |  1.3
Air Magic      | 1 |  1.3
Earth Magic    | 1 |  1.3
Poison Magic   | 1 |  1.3
Fighting       | 3 |  3.1
Dodging        | 3 |  3.1
Armour         | |  4.9
Stealth        | |  2.9
Evocations     | |  6.7

Action                     |  1- 3 |  4- 6 || total
---------------------------+-------+-------++-------
  Melee: Club              |   139 |       ||   139
         Bite              |    11 |    12 ||    23
         Punch             |     3 |     1 ||     4
         Dagger            |    42 |    34 ||    76
         Falchion          |       |    28 ||    28
         Quarterstaff      |       |    59 ||    59
  Evoke: Wand              |     3 |     6 ||     9
    Use: Scroll            |       |     5 ||     5
   Stab: Distracted        |     1 |       ||     1
         Sleeping          |     3 |     2 ||     5
 Armour: Leather armour    |    55 |    12 ||    67
         Ring mail         |       |    22 ||    22
  Dodge: Dodged            |   142 |    96 ||   238
